 Dungeon Crawl Stone Soup version 0.25-a0-34-g1393849 (webtiles) character file.

Game seed: 3300272185096923711, levelgen mode: deterministic

3 TheGoonsmith the Digger (level 1, -2/10 HPs)
             Began as a Gargoyle Earth Elementalist on Oct 17, 2019.
             Slain by a hobgoblin (4 damage)
             ... on level 1 of the Dungeon.
             The game lasted 00:00:32 (66 turns).

TheGoonsmith the Digger (Gargoyle Earth Elementalist) Turns: 66, Time: 00:00:33

Health: -2/10      AC:  4    Str: 11    XL:     1   Next: 50%
Magic:  1/3        EV: 12    Int: 15    God:
Gold:   13         SH:  0    Dex: 10    Spells: 3/4 levels left

rFire    . . .     SeeInvis .   a - +0 short sword (freeze)
rCold    . . .     Gourm    .   (no shield)
rNeg     + . .     Faith    .   c - +0 robe
rPois    ∞         Spirit   .   (no helmet)
rElec    +         Reflect  .   (no cloak)
rCorr    .         Harm     .   (no gloves)
MR       .....                  (no boots)
Stlth    ++........             (no amulet)
HPRegen  0.03/turn              (no ring)
MPRegen  0.08/turn              (no ring)

@: no status effects
A: negative energy resistance 1, electricity resistance, unbreathing,
petrification resistance, rot immunity, AC +2
a: no special abilities


You were on level 1 of the Dungeon.
You were not hungry.

You visited 1 branch of the dungeon, and saw 1 of its levels.

You collected 13 gold pieces.

Inventory:

Hand Weapons
 a - a +0 short sword of freezing (weapon)
Missiles
 b - 60 stones (quivered)
Armour
 c - a +0 robe (worn)
Comestibles
 d - a ration


   Skills:
 - Level 1.5 Dodging
 - Level 2.1 Stealth
 + Level 2.1 Spellcasting
   Level 0.7 Transmutations
 + Level 3.8 Earth Magic


You had 3 spell levels left.
You knew the following spells:

 Your Spells              Type           Power        Failure   Level  Hunger
a - Sandblast             Erth           ##....       4%          1    #......

Your spell library contained the following spells:

 Spells                   Type           Power        Failure   Level  Hunger
 Passwall                 Tmut/Erth      #.......     13%         2    ###....
 Stone Arrow              Conj/Erth      #.....       30%         3    ###....
 Petrify                  Tmut/Erth      #.......     65%         4    #####..
 Lee's Rapid Deconstruct  Erth           ##........   77%         5    ######.


Dungeon Overview and Level Annotations

Branches:
Dungeon (1/15)

Altars:


Innate Abilities, Weirdness & Mutations

You are resistant to torment.
Your stone body is resilient. (AC +2)
You are immune to poison.
You resist negative energy. (rN+)
You are resistant to electric shocks. (rElec)
You can survive without breathing.
You are immune to petrification.
You are immune to rotting.


Message History

Aim: a hobgoblin (lightly wounded)
The blast of sand hits the hobgoblin but does no damage.
The hobgoblin is lightly wounded.
b - 60 stones The hobgoblin barely misses you.
A kobold comes into view. It is wielding a +0 short sword.
A hobgoblin comes into view.
The kobold shouts!
You hear a shout!
The kobold throws a stone.
The stone closely misses you.
A kobold comes into view. It is wielding a +0 short sword.
The kobold shouts!
You hit the hobgoblin but do no damage.
The hobgoblin hits you but does no damage.
The kobold hits you but does no damage. The frilled lizard barely misses you.
The hobgoblin misses you. The kobold closely misses you.
The kobold hits you but does no damage. The hobgoblin misses you.
The kobold hits you with a +0 short sword.
* * * LOW HITPOINT WARNING * * *
The hobgoblin hits you.
You die...

#....########## #.. .##
#.....#.......# #..
...####.#.........####..
##.....Kr.####..........
........#..#≈≈........!#
.......l####≈≈...<....#.
.......g# #≈≈.......≈#.
......Kg# #≈[......≈≈#.
###.#.#@# #≈≈≈....≈≈≈#.
#.#...# #≈≈≈≈≈.≈≈≈≈## #
##..# #≈≈≈≈≈≈≈≈≈≈# ##..
###≈≈≈≈≈≈≈## #..
........(.. #...
###.........# #.#.
#.###.##### #.#.# #. .#
#> .#


You could see 2 hobgoblins, 2 kobolds, a frilled lizard and a rat.

Vanquished Creatures
  A leopard gecko (D:1)
  A bat (D:1)
  A rat (D:1)
3 creatures vanquished.

Notes
Turn   | Place    | Note
-------+----------+-------------------------------------------
     0 | D:1      | TheGoonsmith the Gargoyle Earth Elementalist began the
                  | quest for the Orb.
     0 | D:1      | Reached XP level 1. HP: 10/10 MP: 3/3
    66 | D:1      | Slain by a hobgoblin

Levels and vault maps discovered:
D:1:      dpeg_arrival_pond, layout_rooms

Action                   || total
-------------------------++-------
Melee: Short sword       ||     4
 Cast: Sandblast         ||     5
Armor: Robe              ||     3
Dodge: Dodged            ||     8

Table legend:
 A = Non-vault XP
 B = Vault XP
 C = Vault XP percentage of total XP
 D = Non-vault monster count
 E = Vault monster count
 F = Vault count percentage of total count
                 A         B        C        D         E       F
            +---------+---------+-------+---------+---------+-------
      Total |       5 |       0 |   0.0 |       3 |       0 |   0.0
            +---------+---------+-------+---------+---------+-------
        D:1 |       5 |       0 |   0.0 |       3 |       0 |   0.0
            +---------+---------+-------+---------+---------+-------
